 Dungeon Crawl Stone Soup version 0.23.2-40-g277498a001 (webtiles) character file.

Game seed: 2671646763516728160

205 Deathwalker the Slasher (level 6, -3/44 HPs)
             Began as a Human Warper on Aug 19, 2019.
             Was an Initiate of Wu Jian.
             Slain by an adder (4 damage)
             ... on level 3 of the Dungeon.
             The game lasted 00:12:34 (3356 turns).

Deathwalker the Slasher (Human Warper)              Turns: 3356, Time: 00:12:35

Health: -3/44      AC:  4    Str: 11    XL:     6   Next: 9%
Magic:  5/11       EV: 12    Int: 14    God:    Wu Jian [......]
Gold:   78         SH:  0    Dex: 14    Spells: 4/11 levels left

rFire    . . .     SeeInvis .   a - +0 falchion
rCold    . . .     Gourm    .   (no shield)
rNeg     . . .     Faith    .   b - +0 leather armour
rPois    .         Spirit   .   (no helmet)
rElec    .         Reflect  .   (no cloak)
rCorr    .         Harm     .   (no gloves)
MR       .....                  i - +0 pair of boots
Stlth    +.........             (no amulet)
HPRegen  0.14/turn              (no ring)
MPRegen  0.12/turn              (no ring)

@: lethally poisoned (-3 -> -4), about to teleport
A: no striking features
a: Renounce Religion


You were on level 3 of the Dungeon.
You worshipped Wu Jian.
Wu Jian was noncommittal.
You were hungry.

You visited 1 branch of the dungeon, and saw 3 of its levels.

You collected 78 gold pieces.

Inventory:

Hand Weapons
 a - a +0 falchion (weapon)
Missiles
 c - 7 tomahawks (quivered)
 e - 5 tomahawks of dispersal
 k - 6 poisoned javelins
Armour
 b - a +0 leather armour (worn)
 h - a +0 ring mail
 i - a +0 pair of boots (worn)
Jewellery
 q - an uncursed ring of flight {unknown}
 u - an uncursed amulet of faith
Scrolls
 d - a scroll of blinking
 l - a scroll of magic mapping {unknown}
 m - a scroll of fog
 n - a scroll of remove curse {unknown}
 o - a scroll of immolation {unknown}
 r - a scroll of identify
 v - a scroll of enchant weapon {unknown}
Potions
 p - a potion of haste
 s - a potion of brilliance
 t - 2 potions of magic
Comestibles
 f - 8 rations
 g - 2 chunks of flesh


   Skills:
 - Level 2.0 Fighting
 - Level 4.0 Long Blades
 - Level 1.0 Throwing
 - Level 1.0 Armour
 - Level 2.0 Dodging
 * Level 3.3 Spellcasting
 + Level 1.7 Charms
 + Level 3.6 Translocations


You had 4 spell levels left.
You knew the following spells:

 Your Spells              Type           Power        Failure   Level  Hunger
a - Blink                 Tloc           N/A          10%         2    ##.....
b - Shroud of Golubria    Chrm/Tloc      #.........   14%         2    ##.....
c - Teleport Other        Tloc           ##......     19%         3    ###....

Your spell library contained the following spells:

 Spells                   Type           Power        Failure   Level  Hunger
 Gell's Gravitas          Tloc           ##........   19%         3    ###....
 Lesser Beckoning         Tloc           ##........   19%         3    ###....
 Passage of Golubria      Tloc           N/A          52%         4    #####..


Dungeon Overview and Level Annotations

Branches:
Dungeon (3/15)

Altars:
Ashenzari
Hepliaklqana
Nemelex Xobeh
Wu Jian
The Shining One


Message History

The adder barely misses you.
You are feeling hungry.
The goblin shoots a stone.
The stone hits you.
* * * LOW HITPOINT WARNING * * *
You see here a stone.
You feel sick.
Casting: Shroud of Golubria (safe; 14% risk of failure)
Confirm with . or Enter, or press ? or * to list all spells.
You blink.
The goblin shoots a stone.
The stone hits you.
* * * LOW HITPOINT WARNING * * *
Found a scroll of identify.
As you read the scroll of teleportation, it crumbles to dust.
You feel strangely unstable.
Casting: Blink (safe; 10% risk of failure)
Confirm with . or Enter, or press ? or * to list all spells.
You blink.
The goblin shoots a stone.
The stone closely misses you.
You feel sick.
The goblin shoots a stone.
The stone hits you.
* * * LOW HITPOINT WARNING * * *
The adder bites you.
You die...

##. .##.# ..##....# #
#####.....?..##
....#.............
................
..#.........(.#
#.#...........#
.###......@......#
....##.....S.....#
........g....(...####
.......((..g........## #
#..##..(......###.#..# ###
#......#.....[.♣P≈≈.# ..##
###.....((..(....≈≈≈P≈#
...###.....####....<..†≈≈≈.#
....##......###.(.......##


You could see an adder, a hobgoblin and a goblin.

Vanquished Creatures
  A scorpion (D:2)
  Jessica (D:2)
  2 gnolls
  5 adders
  A worm (D:2)
  5 dart slugs
  A leopard gecko (D:2)
  3 giant cockroaches
  8 goblins
  6 hobgoblins
  A ball python (D:1)
  3 bats
  2 frilled lizards
  11 kobolds
  7 rats
57 creatures vanquished.

Notes
Turn   | Place    | Note
-------+----------+-------------------------------------------
     0 | D:1      | Deathwalker the Human Warper began the quest for the Orb.
     0 | D:1      | Reached XP level 1. HP: 16/16 MP: 3/3
    84 | D:1      | Reached XP level 2. HP: 16/22 MP: 5/5
   245 | D:1      | Learned a level 2 spell: Blink
   248 | D:1      | Learned a level 2 spell: Shroud of Golubria
   396 | D:1      | Reached skill level 3 in Long Blades
   671 | D:1      | Reached XP level 3. HP: 10/27 MP: 3/6
  1331 | D:2      | Reached skill level 4 in Long Blades
  1331 | D:2      | Reached XP level 4. HP: 30/33 MP: 7/7
  1806 | D:2      | Found a sparkling altar of Nemelex Xobeh.
  1806 | D:2      | Found a hazy altar of Hepliaklqana.
  1806 | D:2      | Found a glowing golden altar of the Shining One.
  1858 | D:2      | Noticed Jessica
  1880 | D:2      | Killed Jessica
  2004 | D:2      | Reached XP level 5. HP: 32/38 MP: 8/8
  2039 | D:2      | Reached skill level 1 in Charms
  2254 | D:2      | Found an ornate altar of the Wu Jian Council.
  2262 | D:2      | Became a worshipper of the Wu Jian Council
  2557 | D:2      | Learned a level 3 spell: Teleport Other
  3161 | D:3      | Reached XP level 6. HP: 34/44 MP: 10/10
  3165 | D:3      | Found a shattered altar of Ashenzari.
  3356 | D:3      | HP: 1/44 [goblin/stone (5)]
  3356 | D:3      | Slain by an adder

Skill      XL: |  1  2  3  4  5 |
---------------+----------------+-----
Long Blades    | 3 4 |  4.0
Spellcasting   | 3 |  3.3
Charms         | 1 |  1.7
Fighting       | |  2.0
Throwing       | |  1.0
Armour         | |  1.0
Dodging        | |  2.0
Translocations | |  3.6

Action                   |  1- 3 |  4- 6 || total
-------------------------+-------+-------++-------
Melee: Falchion          |    78 |   137 ||   215
Throw: Tomahawk          |       |     1 ||     1
 Cast: Shroud of Golubri |     1 |     6 ||     7
       Blink             |       |     5 ||     5
       Teleport Other    |       |     1 ||     1
Invok: Lunge             |       |     1 ||     1
  Use: Scroll            |       |     7 ||     7
 Stab: Sleeping          |     1 |       ||     1
  Eat: Chunk             |     2 |     3 ||     5
       Ration            |       |     1 ||     1
Armor: Leather armour    |    11 |    43 ||    54
Dodge: Dodged            |    61 |    98 ||   159
       Rpst.: Falchion   |    14 |    28 ||    42
